 Dungeon Sprint DCSS version 0.27.1-1-g398f81649c (webtiles) character file.

Game seed: 2720182863326768926

16816 ugugthedestroyer the Bringer of Light (level 12, -21/100 HPs)
             Began as a Human Fighter on Sept 11, 2021.
             Was the Champion of the Shining One.
             Killed from afar by a fire giant (34 damage)
             ... with a bolt of fire
             ... in the Dungeon (Sprint VII: "The Pits").
             The game lasted 00:12:43 (2737 turns).

ugugthedestroyer the Bringer of Light (HuFi)        Turns: 2737, Time: 00:12:44

Health: -21/100    AC: 29    Str: 21    XL:     12   Next: 74%
Magic:  4/25       EV: 11    Int: 12    God:    the Shining One [******]
Gold:   58         SH:  0    Dex: 13    Spells: 11/11 levels left

rFire    . . .     SeeInvis .   G - +6 double sword
rCold    . . .     Faith    .   (no shield)
rNeg     + + +     Spirit   .   F - +10 plate armour {ponderous}
rPois    .         Reflect  .   (no helmet)
rElec    .         Harm     .   (no cloak)
rCorr    .         Rampage  .   s - +0 pair of gloves
Will     .....     NoTele   +   (no boots)
Stlth    ..........             B - amulet of magic regeneration
HPRegen  0.26/turn              d - +3 ring of intelligence
MPRegen  0.44/turn              g - +3 ring of protection

@: lethally poisoned (-21 -> -36), glowing, slow
A: no striking features
a: Renounce Religion, Divine Shield, Cleansing Flame, Summon Divine Warrior,
Brand Weapon With Holy Wrath


You were in the Dungeon.
You worshipped the Shining One.
The Shining One was exalted by your worship.
You visited 1 branch You collected 58 gold pieces.

Inventory:

Hand Weapons
 a - a +0 long sword
 c - a +2 falchion
 n - a +0 long sword of flaming
 q - a +2 scimitar of flaming
 u - a +3 antimagic mace
 G - a +6 double sword (weapon)
Missiles
 t - a throwing net (quivered)
Armour
 b - a +0 scale mail
 o - a +3 scale mail
 r - a +4 scale mail
 s - a +0 pair of gloves (worn)
 E - a +0 troll leather armour
 F - a +10 plate armour of ponderousness (worn)
Jewellery
 d - a +3 ring of intelligence (left hand)
 g - a +3 ring of protection (right hand)
 A - a ring of protection from fire
 B - an amulet of magic regeneration (around neck)
 C - a ring of fire
Scrolls
 j - 4 scrolls of blinking
 l - 5 scrolls of amnesia
 m - a scroll of summoning
 v - 2 scrolls of enchant weapon
 w - 2 scrolls of fear
 y - 2 scrolls of fog
 z - a scroll of identify
Potions
 e - 15 potions of curing
 f - 11 potions of heal wounds
 h - 2 potions of magic
 i - 4 potions of berserk rage
 k - 2 potions of invisibility
 p - 4 potions of might
 x - a potion of brilliance
 D - a potion of flight


   Skills:
 * Level 11.3 Fighting
 * Level 15.1 Long Blades
 + Level 10.7 Armour
 * Level 12.5 Dodging
 - Level 1.3 Stealth
 - Level 3.0 Shields
 * Level 19.5 Invocations


You had 11 spell levels left.
You didn't know any spells.
Your spell library was empty.

Dungeon Overview and Level Annotations

Branches:
Dungeon (1/1)

Altars:
Ashenzari
Cheibriados
Dithmenos
Elyvilon
Fedhas
Gozag
Hepliaklqana
Kikubaaqudgha
Makhleb
Nemelex Xobeh
Okawaru
Qazlal
Ru
Sif Muna
Trog
Uskayaw
Vehumet
Wu Jian
Xom
Yredelemnul
Zin
The Shining One
Beogh
Jiyva
Lugonu


Message History

You are more poisoned.
Your daeva hits Aizul with a +5 scimitar of holy wrath!
Your daeva hits Aizul with a +5 scimitar of holy wrath.
Your daeva blocks the orc knight's attack. x2
Your daeva hits Aizul with a +4 scimitar of holy wrath! x2
Unknown command.
Unknown command.
You feel extremely sick.
Aizul coils herself and waves her upper body at your daeva.
The poison arrow hits your daeva!
Your daeva partially resists.
Your daeva is poisoned.
Aizul barely misses your daeva.
Your daeva hits Aizul with a +5 scimitar of holy wrath!!
Your daeva hits Aizul with a +5 scimitar of holy wrath.
Your daeva hits Aizul with a +4 scimitar of holy wrath!!!
Aizul dies!
Your daeva blocks the orc knight's attack. x2
Unknown command.
* * * LOW HITPOINT WARNING * * *
You feel extremely sick. Something completely misses your daeva.
The orc knight hits your daeva with a +0 glaive!
Your daeva hits the orc knight with a +3 scimitar of holy wrath!
Your daeva hits the orc knight with a +3 scimitar of holy wrath.
Something hits your daeva!!!
Unknown command.
Unknown command.
* * * LOW HITPOINT WARNING * * *
You feel very sick.
The fire giant completely misses your daeva.
The orc knight hits your daeva with a +0 glaive!!!
Your daeva dies!
Your daeva hits the fire giant with a +4 scimitar of holy wrath!!
Your daeva hits the fire giant with a +4 scimitar of holy wrath.
Unknown command.
* * * LOW HITPOINT WARNING * * *
You feel very sick. The fire giant casts a spell at you.
The bolt of fire hits your daeva!! x2; The bolt of fire hits you!!
You die...

#############################+#
†................)............#
†.............)..............)#
############))##############))#
)'...'))#..).)...# .+ #).#
)#...#))#...))...# ..# #..#
##...#######.)#######...## #..#
.......)#.......@#........ #..#
.....)).........AAA.oo.... #..#
.....)))#........#)C...... #..#
'###'##.####..####.##+###+ #..#
)))#.)#.#((#### #.# #..#
)))#))#.'((# +.# #..#
############ ### #++#
########## ..##...!.#


You could see a fire giant (ally target), 2 orc knights and 3 friendly daevas.

Vanquished Creatures
  A two-headed ogre (D)
  2 deep elf zephyrmancers (D)
  A gargoyle (D)
  An unseen horror (D)
  A jumping spider (D)
  2 tyrant leeches (D)
  A spriggan (D)
  A redback (D)
  A warg (D)
  An ogre (D)
  5 wolves (D)
  Blork the orc (D)
  A scorpion (D)
  A crimson imp (D)
  3 quasits (D)
  An orc priest (D)
  Terence (D)
  An orc wizard (D)
  2 gnolls (D)
  3 river rats (D)
  A worm (D)
  3 orcs (D)
  2 endoplasms (D)
  3 giant cockroaches (D)
  A goblin (D)
  9 jackals (D)
  A frilled lizard (D)
  A rat (D)
52 creatures vanquished.

Vanquished Creatures (collateral kills)
  Kirke (D)
  Aizul (D)
  2 orc warlords (D)
  A war gargoyle (D)
  A yaktaur captain (D)
  An eidolon (D)
  5 naga warriors (D)
  A centaur warrior (D)
  A two-headed ogre (D)
  A death yak (D)
  A shadow wraith (D)
  2 flayed ghosts (D)
  11 orc knights (D)
  A manticore (D)
  A guardian serpent (D)
  A cane toad (D)
  A molten gargoyle (D)
  An ice devil (D)
  2 yaktaurs (D)
  2 rime drakes (D)
  A red devil (D)
  A troll (D)
  A merfolk (D)
  A tyrant leech (D)
  Prince Ribbit (D)
  A flying skull (D)
  A ynoxinul (D)
  A fire elemental (D)
  9 yaks (D)
  2 vampire mosquitoes (D)
  3 hogs (D)
  2 orc warriors (D)
  A centaur (D)
  A scorpion (D)
  A gnoll sergeant (D)
  A hell rat (D)
  5 gnolls (D)
  An adder simulacrum (D)
  6 orcs (D)
  A ball python (D)
  A ball python skeleton (D)
80 creatures vanquished.

Grand Total: 132 creatures vanquished

Notes
Turn   | Place    | Note
-------+----------+-------------------------------------------
     0 | D        | ugugthedestroyer the Human Fighter began the quest for the
                  | Orb.
     0 | D        | Reached XP level 1. HP: 18/18 MP: 1/1
    48 | D        | Found a bloodstained altar of Trog.
    48 | D        | Found a shimmering blue altar of Sif Muna.
    48 | D        | Found a viscous altar of Jiyva.
    48 | D        | Found a hazy altar of Hepliaklqana.
    48 | D        | Found an opulent altar of Gozag.
    49 | D        | Found a glowing golden altar of the Shining One.
    49 | D        | Found a glowing silver altar of Zin.
    49 | D        | Found a basalt altar of Yredelemnul.
    49 | D        | Found a shimmering altar of Xom.
    49 | D        | Found an ornate altar of the Wu Jian Council.
    49 | D        | Found a sacrificial altar of Ru.
    49 | D        | Found a stormy altar of Qazlal.
    49 | D        | Found an iron altar of Okawaru.
    49 | D        | Found a sparkling altar of Nemelex Xobeh.
    49 | D        | Found a burning altar of Makhleb.
    49 | D        | Found a blossoming altar of Fedhas.
    49 | D        | Found a white marble altar of Elyvilon.
    49 | D        | Found a shadowy altar of Dithmenos.
    49 | D        | Found a snail-covered altar of Cheibriados.
    51 | D        | Found a radiant altar of Vehumet.
    51 | D        | Found a corrupted altar of Lugonu.
    52 | D        | Found a hide-covered altar of Uskayaw.
    52 | D        | Found an ancient bone altar of Kikubaaqudgha.
    52 | D        | Found a broken altar of Ashenzari.
    54 | D        | Became a worshipper of the Shining One
    72 | D        | Reached skill level 1 in Dodging
    82 | D        | Reached XP level 2. HP: 9/25 MP: 2/2
   280 | D        | Reached * piety under the Shining One
   294 | D        | Reached XP level 3. HP: 11/30 MP: 3/3
   488 | D        | Reached ** piety under the Shining One
   628 | D        | Reached *** piety under the Shining One
   628 | D        | Noticed Blork the orc
   636 | D        | Reached **** piety under the Shining One
   637 | D        | Reached skill level 5 in Fighting
   637 | D        | Reached skill level 5 in Armour
   637 | D        | Reached XP level 4. HP: 39/39 MP: 4/4
   645 | D        | Killed Blork the orc
   646 | D        | Reached skill level 5 in Long Blades
   646 | D        | Reached skill level 1 in Stealth
   646 | D        | Reached XP level 5. HP: 37/46 MP: 5/5
   665 | D        | Reached skill level 5 in Dodging
   665 | D        | Reached XP level 6. HP: 24/52 MP: 6/6
   917 | D        | Noticed a deep elf zephyrmancer
   917 | D        | Reached ***** piety under the Shining One
   924 | D        | Killed a deep elf zephyrmancer
   925 | D        | Reached skill level 4 in Invocations
   925 | D        | Reached XP level 7. HP: 60/60 MP: 6/10
   932 | D        | Reached skill level 10 in Long Blades
   932 | D        | Reached skill level 5 in Invocations
   932 | D        | Reached XP level 8. HP: 59/67 MP: 6/11
   971 | D        | Noticed Terence
   971 | D        | Noticed an unseen horror
   971 | D        | Noticed a deep elf zephyrmancer
   976 | D        | Killed an unseen horror
   977 | D        | Reached skill level 6 in Invocations
   986 | D        | Killed Terence
   988 | D        | Killed a deep elf zephyrmancer
   989 | D        | Reached XP level 9. HP: 39/75 MP: 12/14
  1152 | D        | Reached ****** piety under the Shining One
  1161 | D        | Reached skill level 7 in Invocations
  1173 | D        | Noticed a gargoyle
  1183 | D        | Killed a gargoyle
  1406 | D        | Noticed a tyrant leech
  1422 | D        | Killed a tyrant leech
  1544 | D        | Reached skill level 8 in Invocations
  1741 | D        | Noticed a two-headed ogre
  1741 | D        | Noticed Prince Ribbit
  1744 | D        | Killed Prince Ribbit
  1746 | D        | Killed a two-headed ogre
  1747 | D        | Reached XP level 10. HP: 71/83 MP: 7/16
  1764 | D        | Reached skill level 9 in Invocations
  1900 | D        | Noticed an orc knight
  1909 | D        | Killed an orc knight
  1910 | D        | Reached skill level 10 in Fighting
  1910 | D        | Reached skill level 10 in Dodging
  2104 | D        | Noticed a yaktaur
  2105 | D        | Noticed a manticore
  2106 | D        | Noticed a rime drake
  2107 | D        | Noticed a cane toad
  2113 | D        | Killed a rime drake
  2121 | D        | Killed a yaktaur
  2122 | D        | Reached skill level 10 in Invocations
  2122 | D        | Killed a cane toad
  2126 | D        | Killed a manticore
  2140 | D        | Noticed an eidolon
  2147 | D        | Killed an eidolon
  2160 | D        | Noticed a shadow wraith
  2161 | D        | Noticed a molten gargoyle
  2163 | D        | Noticed a death yak
  2164 | D        | Noticed a rime drake
  2167 | D        | Killed a shadow wraith
  2168 | D        | Reached skill level 11 in Invocations
  2168 | D        | Reached XP level 11. HP: 71/92 MP: 2/19
  2182 | D        | Reached skill level 10 in Armour
  2182 | D        | Killed a death yak
  2185 | D        | Reached skill level 12 in Invocations
  2204 | D        | Noticed a flayed ghost
  2210 | D        | Killed a flayed ghost
  2389 | D        | Reached skill level 13 in Invocations
  2397 | D        | Noticed a flayed ghost
  2402 | D        | Killed a flayed ghost
  2451 | D        | Noticed Kirke
  2459 | D        | Reached skill level 14 in Invocations
  2462 | D        | Killed Kirke
  2483 | D        | Noticed a war gargoyle
  2490 | D        | Killed a war gargoyle
  2491 | D        | Reached skill level 15 in Long Blades
  2491 | D        | Reached skill level 15 in Invocations
  2505 | D        | Noticed an orc knight
  2516 | D        | Killed an orc knight
  2554 | D        | Noticed an orc knight
  2554 | D        | Noticed an orc knight
  2554 | D        | Noticed an orc knight
  2554 | D        | Noticed an orc knight
  2554 | D        | Noticed an orc knight
  2554 | D        | Noticed an orc knight
  2555 | D        | Noticed an orc warlord
  2555 | D        | Noticed an orc warlord
  2556 | D        | Noticed an orc knight
  2557 | D        | Noticed an orc knight
  2560 | D        | Killed an orc knight
  2561 | D        | Killed an orc knight
  2562 | D        | Killed an orc knight
  2563 | D        | Reached skill level 16 in Invocations
  2563 | D        | Reached XP level 12. HP: 77/100 MP: 8/24
  2565 | D        | Killed an orc warlord
  2573 | D        | Killed an orc warlord
  2574 | D        | Reached skill level 17 in Invocations
  2615 | D        | Noticed a naga warrior
  2617 | D        | Noticed a naga warrior
  2618 | D        | Noticed a yaktaur captain
  2619 | D        | Noticed a naga warrior
  2621 | D        | Noticed a two-headed ogre
  2622 | D        | Noticed a centaur warrior
  2622 | D        | Killed a naga warrior
  2626 | D        | Killed a centaur warrior
  2626 | D        | Killed a yaktaur captain
  2627 | D        | Reached skill level 18 in Invocations
  2633 | D        | Killed a naga warrior
  2633 | D        | Killed a two-headed ogre
  2634 | D        | Killed a naga warrior
  2638 | D        | Reached skill level 19 in Invocations
  2709 | D        | Noticed a naga warrior
  2715 | D        | Noticed a naga warrior
  2718 | D        | Killed a naga warrior
  2724 | D        | Killed a naga warrior
  2729 | D        | Noticed Aizul
  2729 | D        | Noticed a fire giant
  2734 | D        | Killed Aizul
  2737 | D        | Killed from afar by a fire giant

Illustrated notes

Levels and vault maps discovered:
D:        pitsprint [storerooms_1, entrance_room_1, metal_vault_6, armoury_2,
          mini_pit_1, grid_room_1, main_hall_1, silver_pit, the_coven_1,
          the_vestibule_1, steel_vault_3, golden_pit, hallway_of_sentries,
          crystal_vault_2, iron_vault_4, final_vault]

Skill      XL: |  1  2  3  4  5  6  7  8  9 10 11 12 |
---------------+-------------------------------------+-----
Dodging        | 1 2 3 4 5 6 7 8 9 10 11 12 | 12.5
Armour         | 4 5 6 7 8 9 10 | 10.7
Fighting       | 4 5 6 7 8 9 10 11 | 11.3
Long Blades    | 3 5 6 9 10 11 13 14 15 | 15.1
Stealth        | 1 |  1.3
Invocations    | 4 5 6 8 11 16 19 | 19.5
Shields        | |  3.0

Action                   |  1- 3 |  4- 6 |  7- 9 | 10-12 || total
-------------------------+-------+-------+-------+-------++-------
Melee: Falchion          |    42 |       |       |       ||    42
       Long sword        |     4 |    44 |    32 |       ||    80
       Scimitar          |       |       |    46 |    32 ||    78
Invok: Summon Divine War |       |       |     1 |    19 ||    20
  Use: Potion            |       |       |     2 |     6 ||     8
Armor: Scale mail        |    31 |    10 |    44 |    17 ||   102
Dodge: Dodged            |    37 |    22 |    64 |    43 ||   166
       Rpst.: Falchion   |    10 |       |       |       ||    10
       Long sword        |     2 |     5 |     6 |       ||    13
       Scimitar          |       |       |    11 |     5 ||    16
